[ AOE2 MATCH · #487758563 ]
UnrankedItalians vs Ethiopians
Player's team · LOSS
[ REPLAY ANALYSIS · EXTRACTED FROM THE RECORDED GAME ]
Feudal
13:43
Castle
21:59
Imperial
—
| APM avg | 27.3 |
| APM peak | 56 |
| eAPM avg | 18.0 |
| Villagers / military | 80 / 50 |
Focus
⚔️ 41.2% · 🌾 58.8%
Genoese Crossbowman ×35 · Fishing Ship ×20 · Unknown (2626) ×11 · Fire Galley ×9 · Mangonel ×6
Feudal
14:02
Castle
25:46
Imperial
—
| APM avg | 30.4 |
| APM peak | 73 |
| eAPM avg | 14.1 |
| Villagers / military | 76 / 42 |
Focus
⚔️ 38.5% · 🌾 61.5%
Scout Cavalry ×20 · Galley ×16 · Fishing Ship ×8 · Camel Scout ×6 · Trade Cog ×3
Feudal
13:25
Castle
17:20
Imperial
—
| APM avg | 32.1 |
| APM peak | 98 |
| eAPM avg | 14.1 |
| Villagers / military | 97 / 18 |
Focus
⚔️ 29.3% · 🌾 70.7%
Archer ×18 · Fishing Ship ×6 · Unknown (2626) ×2
Feudal
13:50
Castle
22:58
Imperial
—
| APM avg | 29.1 |
| APM peak | 89 |
| eAPM avg | 13.5 |
| Villagers / military | 59 / 16 |
Focus
⚔️ 24.6% · 🌾 75.4%
Galley ×14 · Fishing Ship ×8 · Demolition Raft ×2
Feudal
15:10
Castle
23:19
Imperial
—
| APM avg | 28.4 |
| APM peak | 65 |
| eAPM avg | 14.9 |
| Villagers / military | 46 / 44 |
Focus
⚔️ 40.3% · 🌾 59.7%
Knight ×29 · Galley ×15 · Fishing Ship ×10 · Unknown (2626) ×2
Feudal
18:05
Castle
22:52
Imperial
—
| APM avg | 52.8 |
| APM peak | 85 |
| eAPM avg | 27.2 |
| Villagers / military | 86 / 44 |
Focus
⚔️ 18.7% · 🌾 81.3%
Knight ×44 · Fishing Ship ×13
Feudal
14:21
Castle
22:06
Imperial
—
| APM avg | 30.7 |
| APM peak | 61 |
| eAPM avg | 12.0 |
| Villagers / military | 112 / 25 |
Focus
⚔️ 19.9% · 🌾 80.1%
Knight ×17 · Mangonel ×4 · Scout Cavalry ×4 · Fishing Ship ×3
Feudal
12:54
Castle
20:12
Imperial
—
| APM avg | 27.1 |
| APM peak | 69 |
| eAPM avg | 16.6 |
| Villagers / military | 108 / 18 |
Focus
⚔️ 29.5% · 🌾 70.5%
Unknown (2626) ×18 · Fire Galley ×14 · Fishing Ship ×14 · Spearman ×4
Match map
Initial resources + every placement click. Lines = walls · curves = elevation contours. ◆ gold · ⬟ stone · ● berries · ✦ relic · ◌ wall gap
Your base· Open — unwalled flank
milopokerboy's base· Open — unwalled flank
AJC's base· Open — unwalled flank
raffaele_520's base· Open — unwalled flank
Window_of_Opportunity's base· Open — unwalled flank
MAND_Dã quỳ's base· Open — unwalled flank
_DAKLAK_'s base· Open — unwalled flank
Bo Zhi Shang's base· Open — unwalled flank
Smoothed initial terrain · ◌ = detected wall gap · hover for details
Inputs per minute
— [FORD]DarkHorse - - milopokerboy
Build order — [FORD]DarkHorse
First 150 of 219 actions detected
| 0:06 | Build | Dock |
| 0:26 | Build | House |
| 0:49 | Build | Town Center |
| 2:43 | Create | Villager (Male) |
| 2:44 | Create | Villager (Male) |
| 2:44 | Create | Villager (Male) |
| 2:44 | Create | Villager (Male) |
| 3:35 | Create | Villager (Male) |
| 3:36 | Create | Villager (Male) |
| 3:39 | Create | Fishing Ship |
| 3:40 | Create | Fishing Ship |
| 4:13 | Build | House |
| 4:52 | Create | Fishing Ship |
| 4:52 | Create | Fishing Ship |
| 4:54 | Create | Villager (Male) |
| 4:54 | Create | Villager (Male) |
| 5:29 | Create | Fishing Ship |
| 5:29 | Create | Fishing Ship |
| 5:29 | Create | Fishing Ship |
| 5:44 | Create | Villager (Male) |
| 5:45 | Create | Villager (Male) |
| 6:07 | Create | Villager (Male) |
| 6:07 | Create | Villager (Male) |
| 6:08 | Research | Loom |
| 6:17 | Build | House |
| 6:23 | Create | Fishing Ship |
| 6:23 | Create | Fishing Ship |
| 6:23 | Create | Fishing Ship |
| 6:29 | Create | Villager (Male) |
| 6:30 | Create | Villager (Male) |
| 7:12 | Create | Villager (Male) |
| 7:13 | Create | Villager (Male) |
| 7:13 | Create | Villager (Male) |
| 7:14 | Create | Fishing Ship |
| 7:15 | Create | Fishing Ship |
| 7:15 | Create | Fishing Ship |
| 7:22 | Build | House |
| 7:43 | Create | Villager (Male) |
| 7:43 | Create | Villager (Male) |
| 7:44 | Create | Villager (Male) |
| 7:46 | Create | Fishing Ship |
| 7:46 | Create | Fishing Ship |
| 8:18 | Create | Villager (Male) |
| 8:30 | Create | Fishing Ship |
| 8:33 | Create | Fishing Ship |
| 8:49 | Build | Dock |
| 9:10 | Create | Villager (Male) |
| 9:16 | Build | House |
| 9:24 | Build | House |
| 9:32 | Build | Mining Camp |
| 10:18 | Create | Villager (Male) |
| 10:28 | Create | Fishing Ship |
| 10:29 | Create | Fishing Ship |
| 10:29 | Create | Fishing Ship |
| 11:00 | Create | Villager (Male) |
| 11:33 | Research | Feudal Age |
| 11:34 | Research | Feudal Age |
| 11:34 | Research | Feudal Age |
| 11:56 | Research | Loom |
| 12:08 | Create | Villager (Male) |
| 12:43 | Build | Dock |
| 12:49 | Create | Villager (Male) |
| 13:31 | Build | Lumber Camp |
| 13:34 | Build | House |
| 13:43 | Age | Feudal Age |
| 13:45 | Create | Unit 2626 |
| 13:46 | Create | Unit 2626 |
| 14:01 | Create | Unit 2626 |
| 14:13 | Create | Villager (Male) |
| 14:31 | Create | Fire Galley |
| 14:32 | Create | Fire Galley |
| 14:48 | Build | Outpost |
| 14:55 | Create | Unit 2626 |
| 14:58 | Create | Villager (Male) |
| 15:02 | Build | House |
| 15:06 | Research | Double-Bit Axe |
| 15:08 | Create | Villager (Male) |
| 15:09 | Create | Villager (Male) |
| 15:09 | Create | Villager (Male) |
| 15:10 | Create | Villager (Male) |
| 15:10 | Create | Villager (Male) |
| 15:14 | Create | Fire Galley |
| 15:14 | Create | Fire Galley |
| 15:38 | Create | Fire Galley |
| 15:38 | Create | Unit 2626 |
| 15:52 | Create | Unit 2626 |
| 15:52 | Create | Unit 2626 |
| 15:56 | Create | Unit 2626 |
| 15:56 | Create | Unit 2626 |
| 15:59 | Create | Unit 2626 |
| 16:00 | Create | Unit 2626 |
| 16:05 | Create | Villager (Male) |
| 16:16 | Create | Villager (Male) |
| 16:19 | Build | House |
| 16:20 | Build | House |
| 16:43 | Create | Fire Galley |
| 16:43 | Create | Fire Galley |
| 16:43 | Create | Fire Galley |
| 16:43 | Create | Fire Galley |
| 17:05 | Create | Villager (Male) |
| 17:16 | Build | Mill |
| 18:08 | Create | Villager (Male) |
| 18:11 | Build | Outpost |
| 18:18 | Build | Market |
| 18:19 | Build | Blacksmith |
| 19:15 | Research | Castle Age |
| 19:15 | Research | Castle Age |
| 19:25 | Build | Watch Tower |
| 19:50 | Research | Fletching |
| 20:10 | Build | Mining Camp |
| 20:13 | Create | Villager (Male) |
| 20:59 | Create | Villager (Male) |
| 21:57 | Create | Villager (Male) |
| 21:59 | Age | Castle Age |
| 22:04 | Build | Town Center |
| 24:34 | Create | Villager (Male) |
| 24:34 | Create | Villager (Male) |
| 24:43 | Build | Castle |
| 24:47 | Create | Villager (Male) |
| 24:47 | Create | Villager (Male) |
| 24:47 | Create | Villager (Male) |
| 24:47 | Create | Villager (Male) |
| 25:21 | Create | Genoese Crossbowman |
| 25:21 | Create | Genoese Crossbowman |
| 25:22 | Create | Genoese Crossbowman |
| 25:33 | Create | Villager (Male) |
| 25:33 | Create | Villager (Male) |
| 25:33 | Create | Villager (Male) |
| 26:08 | Create | Villager (Male) |
| 26:08 | Create | Villager (Male) |
| 26:16 | Create | Genoese Crossbowman |
| 26:17 | Create | Genoese Crossbowman |
| 26:17 | Create | Genoese Crossbowman |
| 26:36 | Create | Villager (Male) |
| 26:53 | Build | Outpost |
| 27:02 | Build | Outpost |
| 27:07 | Build | Outpost |
| 27:22 | Create | Villager (Male) |
| 27:30 | Create | Genoese Crossbowman |
| 27:30 | Create | Genoese Crossbowman |
| 27:31 | Create | Genoese Crossbowman |
| 27:31 | Create | Genoese Crossbowman |
| 27:31 | Create | Genoese Crossbowman |
| 27:31 | Create | Genoese Crossbowman |
| 27:32 | Create | Genoese Crossbowman |
| 28:05 | Create | Villager (Male) |
| 28:06 | Create | Villager (Male) |
| 28:08 | Create | Genoese Crossbowman |
| 28:08 | Create | Genoese Crossbowman |
| 28:08 | Create | Genoese Crossbowman |
Build order — milopokerboy
First 150 of 199 actions detected
| 1:07 | Build | Town Center |
| 1:52 | Build | House |
| 2:56 | Build | Dock |
| 2:57 | Create | Villager (Male) |
| 2:58 | Create | Villager (Male) |
| 2:58 | Create | Villager (Male) |
| 2:59 | Create | Villager (Male) |
| 3:56 | Build | House |
| 4:24 | Create | Fishing Ship |
| 4:57 | Research | Loom |
| 5:25 | Create | Villager (Male) |
| 5:47 | Create | Villager (Male) |
| 5:56 | Create | Fishing Ship |
| 6:28 | Create | Villager (Male) |
| 6:35 | Build | House |
| 6:45 | Create | Villager (Male) |
| 7:22 | Create | Villager (Male) |
| 7:26 | Create | Fishing Ship |
| 7:47 | Create | Villager (Male) |
| 7:59 | Create | Fishing Ship |
| 8:09 | Build | House |
| 8:22 | Create | Villager (Male) |
| 8:46 | Create | Fishing Ship |
| 8:50 | Create | Villager (Male) |
| 9:10 | Create | Fishing Ship |
| 9:21 | Create | Villager (Male) |
| 9:44 | Build | Mining Camp |
| 9:47 | Create | Villager (Male) |
| 9:53 | Build | House |
| 10:07 | Create | Villager (Male) |
| 10:45 | Create | Villager (Male) |
| 11:10 | Create | Villager (Male) |
| 11:17 | Create | Fishing Ship |
| 11:23 | Build | House |
| 11:25 | Build | House |
| 11:52 | Research | Feudal Age |
| 12:38 | Build | Dock |
| 13:27 | Create | Villager (Male) |
| 14:02 | Age | Feudal Age |
| 14:05 | Create | Galley |
| 14:05 | Create | Galley |
| 14:13 | Create | Villager (Male) |
| 14:15 | Create | Galley |
| 14:24 | Build | House |
| 14:30 | Research | Gold Mining |
| 14:58 | Create | Villager (Male) |
| 15:07 | Build | House |
| 15:13 | Create | Galley |
| 15:28 | Create | Galley |
| 15:31 | Create | Villager (Male) |
| 15:43 | Create | Galley |
| 15:48 | Create | Villager (Male) |
| 15:58 | Build | Blacksmith |
| 16:19 | Create | Villager (Male) |
| 16:34 | Research | Fletching |
| 16:56 | Create | Galley |
| 16:56 | Create | Galley |
| 17:00 | Create | Galley |
| 17:04 | Create | Villager (Male) |
| 17:04 | Create | Villager (Male) |
| 17:15 | Create | Galley |
| 17:21 | Create | Villager (Male) |
| 17:21 | Create | Villager (Male) |
| 17:30 | Create | Galley |
| 17:58 | Create | Galley |
| 17:58 | Create | Galley |
| 18:15 | Create | Villager (Male) |
| 18:15 | Create | Villager (Male) |
| 18:16 | Create | Villager (Male) |
| 18:22 | Create | Villager (Male) |
| 18:23 | Create | Galley |
| 18:47 | Create | Galley |
| 18:47 | Create | Galley |
| 18:57 | Create | Villager (Male) |
| 19:02 | Build | Dock |
| 19:09 | Build | Mill |
| 19:50 | Create | Villager (Male) |
| 19:50 | Create | Villager (Male) |
| 19:53 | Create | Villager (Male) |
| 19:54 | Create | Villager (Male) |
| 20:03 | Build | Watch Tower |
| 20:07 | Build | Mining Camp |
| 20:32 | Create | Villager (Male) |
| 20:47 | Create | Villager (Male) |
| 21:03 | Build | House |
| 21:04 | Build | House |
| 21:07 | Create | Villager (Male) |
| 21:11 | Create | Villager (Male) |
| 21:17 | Create | Villager (Male) |
| 21:32 | Build | Market |
| 22:07 | Build | Mining Camp |
| 22:20 | Create | Villager (Male) |
| 22:27 | Build | Watch Tower |
| 22:55 | Create | Villager (Male) |
| 22:57 | Create | Villager (Male) |
| 23:02 | Build | Lumber Camp |
| 23:06 | Research | Castle Age |
| 23:52 | Create | Villager (Male) |
| 23:52 | Create | Villager (Male) |
| 24:02 | Build | Barracks |
| 24:09 | Create | Villager (Male) |
| 24:44 | Create | Villager (Male) |
| 24:55 | Build | Stable |
| 24:58 | Create | Villager (Male) |
| 24:58 | Create | Villager (Male) |
| 25:13 | Create | Villager (Male) |
| 25:18 | Build | House |
| 25:20 | Build | House |
| 25:24 | Create | Scout Cavalry |
| 25:25 | Create | Scout Cavalry |
| 25:27 | Research | Scale Barding Armor |
| 25:27 | Research | Forging |
| 25:35 | Build | Watch Tower |
| 25:41 | Build | House |
| 25:46 | Age | Castle Age |
| 26:04 | Create | Fishing Ship |
| 26:36 | Research | Chain Barding Armor |
| 26:37 | Create | Scout Cavalry |
| 26:38 | Create | Scout Cavalry |
| 26:39 | Create | Villager (Male) |
| 27:02 | Create | Villager (Male) |
| 27:02 | Create | Villager (Male) |
| 27:08 | Create | Scout Cavalry |
| 27:13 | Create | Villager (Male) |
| 27:18 | Create | Villager (Male) |
| 27:33 | Create | Villager (Male) |
| 27:51 | Create | Villager (Male) |
| 27:56 | Create | Scout Cavalry |
| 27:56 | Research | Bloodlines |
| 27:57 | Research | Husbandry |
| 28:02 | Build | Stable |
| 28:45 | Create | Scout Cavalry |
| 28:45 | Create | Scout Cavalry |
| 28:52 | Research | Double-Bit Axe |
| 29:18 | Create | Villager (Male) |
| 29:23 | Create | Scout Cavalry |
| 29:24 | Create | Scout Cavalry |
| 29:36 | Build | House |
| 29:38 | Build | House |
| 29:44 | Build | House |
| 29:47 | Create | Scout Cavalry |
| 29:47 | Create | Scout Cavalry |
| 29:49 | Create | Villager (Male) |
| 29:49 | Create | Villager (Male) |
| 29:52 | Build | Farm |
| 29:53 | Build | Farm |
| 29:53 | Build | Farm |
| 29:53 | Build | Farm |
| 30:28 | Build | House |
| 30:32 | Build | House |
Build order — AJC
First 150 of 209 actions detected
| 1:02 | Build | Town Center |
| 1:54 | Build | House |
| 1:59 | Build | Dock |
| 2:48 | Create | Villager (Male) |
| 2:48 | Create | Villager (Male) |
| 2:48 | Create | Villager (Male) |
| 2:49 | Create | Villager (Male) |
| 2:49 | Create | Villager (Male) |
| 3:46 | Build | House |
| 4:04 | Create | Villager (Male) |
| 4:40 | Create | Villager (Male) |
| 5:21 | Create | Fishing Ship |
| 5:25 | Create | Villager (Male) |
| 5:35 | Create | Villager (Male) |
| 5:35 | Create | Villager (Male) |
| 5:53 | Build | House |
| 5:57 | Create | Villager (Male) |
| 6:21 | Research | Loom |
| 6:33 | Create | Fishing Ship |
| 6:44 | Create | Villager (Male) |
| 6:59 | Build | House |
| 7:03 | Create | Villager (Male) |
| 7:17 | Create | Fishing Ship |
| 7:46 | Create | Villager (Male) |
| 7:56 | Create | Fishing Ship |
| 8:09 | Create | Villager (Male) |
| 8:30 | Create | Villager (Male) |
| 8:43 | Create | Fishing Ship |
| 8:53 | Build | House |
| 9:03 | Create | Villager (Male) |
| 9:14 | Create | Villager (Male) |
| 9:31 | Create | Fishing Ship |
| 9:41 | Build | House |
| 9:52 | Create | Villager (Male) |
| 10:00 | Create | Villager (Male) |
| 10:40 | Build | Lumber Camp |
| 10:45 | Create | Villager (Male) |
| 11:05 | Research | Feudal Age |
| 11:21 | Build | House |
| 11:44 | Build | Barracks |
| 12:33 | Create | Villager (Male) |
| 12:33 | Create | Villager (Male) |
| 12:34 | Create | Villager (Male) |
| 13:25 | Age | Feudal Age |
| 13:30 | Research | Double-Bit Axe |
| 13:34 | Build | Archery Range |
| 13:38 | Build | Blacksmith |
| 13:56 | Build | Mining Camp |
| 14:18 | Build | Archery Range |
| 14:25 | Research | Castle Age |
| 14:59 | Build | Mill |
| 15:24 | Create | Archer |
| 15:25 | Create | Archer |
| 15:32 | Research | Fletching |
| 15:57 | Create | Archer |
| 16:04 | Create | Archer |
| 16:20 | Build | Lumber Camp |
| 16:23 | Research | Tech 906 |
| 16:36 | Create | Unit 2626 |
| 16:36 | Create | Unit 2626 |
| 16:38 | Create | Villager (Male) |
| 16:42 | Create | Archer |
| 16:42 | Create | Archer |
| 17:02 | Create | Archer |
| 17:02 | Create | Archer |
| 17:20 | Age | Castle Age |
| 17:24 | Research | Crossbowman (upgrade) |
| 17:25 | Research | Bodkin Arrow |
| 17:28 | Create | Villager (Male) |
| 17:41 | Build | Mill |
| 17:59 | Create | Villager (Male) |
| 18:04 | Build | Town Center |
| 18:12 | Create | Villager (Male) |
| 18:44 | Build | Town Center |
| 18:50 | Create | Villager (Male) |
| 18:54 | Research | Horse Collar |
| 19:12 | Create | Archer |
| 19:13 | Create | Archer |
| 19:14 | Create | Villager (Male) |
| 19:14 | Create | Villager (Male) |
| 19:21 | Build | Farm |
| 19:21 | Build | Farm |
| 19:22 | Build | Farm |
| 19:37 | Create | Villager (Male) |
| 19:37 | Create | Villager (Male) |
| 20:19 | Create | Archer |
| 20:19 | Create | Archer |
| 20:20 | Create | Villager (Male) |
| 20:20 | Create | Villager (Male) |
| 20:28 | Build | Farm |
| 20:29 | Build | Farm |
| 20:29 | Build | Farm |
| 20:36 | Create | Villager (Male) |
| 20:47 | Create | Archer |
| 20:48 | Create | Archer |
| 20:54 | Create | Villager (Male) |
| 20:54 | Create | Villager (Male) |
| 20:56 | Build | Farm |
| 20:58 | Create | Villager (Male) |
| 21:01 | Build | Farm |
| 21:03 | Create | Villager (Male) |
| 21:08 | Create | Archer |
| 21:09 | Create | Archer |
| 21:32 | Create | Villager (Male) |
| 21:32 | Create | Villager (Male) |
| 21:33 | Create | Villager (Male) |
| 21:33 | Create | Villager (Male) |
| 21:38 | Create | Archer |
| 21:38 | Create | Archer |
| 21:48 | Create | Villager (Male) |
| 21:48 | Create | Villager (Male) |
| 21:49 | Create | Villager (Male) |
| 21:49 | Create | Villager (Male) |
| 22:02 | Research | Bow Saw |
| 22:02 | Research | Bow Saw |
| 22:17 | Create | Villager (Male) |
| 22:20 | Build | Farm |
| 22:20 | Build | Farm |
| 22:21 | Build | Farm |
| 22:28 | Build | House |
| 22:30 | Build | House |
| 23:05 | Create | Villager (Male) |
| 23:05 | Create | Villager (Male) |
| 23:07 | Build | House |
| 23:08 | Build | House |
| 23:15 | Create | Villager (Male) |
| 23:15 | Create | Villager (Male) |
| 23:19 | Build | Farm |
| 23:20 | Build | Farm |
| 23:20 | Build | Farm |
| 23:26 | Create | Villager (Male) |
| 23:27 | Create | Villager (Male) |
| 23:33 | Build | Mining Camp |
| 23:36 | Research | Heavy Plow |
| 23:37 | Create | Villager (Male) |
| 23:37 | Create | Villager (Male) |
| 23:40 | Build | Farm |
| 23:40 | Build | Farm |
| 23:40 | Build | Farm |
| 23:45 | Create | Villager (Male) |
| 24:06 | Create | Villager (Male) |
| 24:07 | Create | Villager (Male) |
| 24:13 | Build | Mining Camp |
| 24:17 | Create | Villager (Male) |
| 24:17 | Create | Villager (Male) |
| 24:19 | Build | House |
| 24:20 | Build | House |
| 24:34 | Create | Villager (Male) |
| 24:34 | Create | Villager (Male) |
| 24:46 | Build | Lumber Camp |
Build order — raffaele_520
147 actions detected in the replay
| 1:22 | Build | Town Center |
| 1:54 | Build | Dock |
| 2:23 | Build | House |
| 3:17 | Create | Villager (Male) |
| 3:17 | Create | Villager (Male) |
| 3:17 | Create | Villager (Male) |
| 3:17 | Create | Villager (Male) |
| 3:18 | Create | Villager (Male) |
| 4:19 | Create | Fishing Ship |
| 4:59 | Create | Villager (Male) |
| 5:16 | Create | Fishing Ship |
| 5:21 | Research | Loom |
| 5:24 | Build | House |
| 5:25 | Build | House |
| 5:49 | Create | Villager (Male) |
| 5:54 | Create | Fishing Ship |
| 6:33 | Create | Villager (Male) |
| 6:33 | Create | Villager (Male) |
| 6:38 | Create | Fishing Ship |
| 6:55 | Create | Villager (Male) |
| 7:21 | Create | Villager (Male) |
| 7:27 | Build | House |
| 7:33 | Create | Fishing Ship |
| 7:43 | Create | Villager (Male) |
| 8:09 | Create | Villager (Male) |
| 8:13 | Create | Fishing Ship |
| 8:21 | Create | Villager (Male) |
| 8:46 | Create | Villager (Male) |
| 8:53 | Create | Fishing Ship |
| 9:11 | Create | Villager (Male) |
| 9:16 | Build | House |
| 9:39 | Create | Villager (Male) |
| 9:47 | Build | Mill |
| 9:59 | Create | Villager (Male) |
| 10:22 | Create | Fishing Ship |
| 10:34 | Create | Villager (Male) |
| 11:05 | Build | House |
| 11:09 | Create | Villager (Male) |
| 11:40 | Research | Feudal Age |
| 11:52 | Build | Lumber Camp |
| 12:05 | Build | Mining Camp |
| 12:55 | Build | Dock |
| 13:07 | Build | Palisade Wall |
| 13:09 | Build | Palisade Wall |
| 13:12 | Build | Palisade Wall |
| 13:15 | Create | Villager (Male) |
| 13:19 | Build | House |
| 13:22 | Build | House |
| 13:50 | Age | Feudal Age |
| 13:53 | Build | House |
| 13:54 | Build | House |
| 13:59 | Research | Double-Bit Axe |
| 14:03 | Create | Galley |
| 14:09 | Create | Villager (Male) |
| 14:20 | Build | House |
| 14:23 | Create | Villager (Male) |
| 14:30 | Build | House |
| 14:32 | Build | House |
| 14:44 | Create | Galley |
| 14:52 | Create | Villager (Male) |
| 15:07 | Create | Galley |
| 15:12 | Create | Villager (Male) |
| 15:23 | Research | Wheelbarrow |
| 15:35 | Create | Galley |
| 15:45 | Create | Villager (Male) |
| 15:54 | Create | Villager (Male) |
| 16:03 | Research | Tech 906 |
| 16:29 | Create | Galley |
| 16:29 | Create | Galley |
| 17:04 | Create | Galley |
| 17:04 | Create | Galley |
| 17:05 | Create | Villager (Male) |
| 17:14 | Build | Blacksmith |
| 17:53 | Create | Galley |
| 17:54 | Create | Galley |
| 18:06 | Build | House |
| 18:07 | Build | House |
| 18:08 | Create | Villager (Male) |
| 18:09 | Create | Villager (Male) |
| 18:12 | Build | Farm |
| 18:12 | Build | Farm |
| 18:12 | Build | Farm |
| 18:12 | Build | Farm |
| 18:29 | Research | Fletching |
| 18:31 | Create | Villager (Male) |
| 19:04 | Build | Market |
| 19:12 | Create | Galley |
| 19:12 | Create | Galley |
| 19:14 | Create | Villager (Male) |
| 19:53 | Create | Villager (Male) |
| 20:06 | Research | Castle Age |
| 20:43 | Build | Mining Camp |
| 20:46 | Research | Gold Mining |
| 21:03 | Create | Galley |
| 21:04 | Create | Galley |
| 21:11 | Create | Demolition Raft |
| 21:15 | Create | Demolition Raft |
| 21:29 | Create | Villager (Male) |
| 21:29 | Create | Villager (Male) |
| 21:34 | Research | Horse Collar |
| 21:38 | Build | Farm |
| 22:48 | Build | Farm |
| 22:58 | Age | Castle Age |
| 23:08 | Build | Town Center |
| 23:23 | Build | Town Center |
| 23:25 | Create | Villager (Male) |
| 23:25 | Create | Villager (Male) |
| 23:46 | Research | Hand Cart |
| 23:47 | Research | Town Watch |
| 23:52 | Build | House |
| 23:53 | Build | House |
| 23:54 | Build | House |
| 24:18 | Create | Villager (Male) |
| 24:19 | Create | Villager (Male) |
| 24:19 | Create | Villager (Male) |
| 24:25 | Build | Farm |
| 24:56 | Build | Farm |
| 25:08 | Create | Villager (Male) |
| 25:09 | Create | Villager (Male) |
| 25:09 | Create | Villager (Male) |
| 25:09 | Create | Villager (Male) |
| 25:12 | Build | Farm |
| 25:19 | Create | Villager (Male) |
| 25:41 | Build | House |
| 25:42 | Build | House |
| 25:43 | Build | House |
| 25:45 | Build | House |
| 25:45 | Build | House |
| 25:48 | Create | Villager (Male) |
| 25:49 | Create | Villager (Male) |
| 25:49 | Create | Villager (Male) |
| 26:05 | Build | House |
| 26:10 | Create | Villager (Male) |
| 26:10 | Create | Villager (Male) |
| 26:10 | Create | Villager (Male) |
| 26:26 | Create | Villager (Male) |
| 26:26 | Create | Villager (Male) |
| 26:47 | Build | House |
| 27:00 | Create | Villager (Male) |
| 27:01 | Create | Villager (Male) |
| 27:01 | Create | Villager (Male) |
| 27:01 | Create | Villager (Male) |
| 27:02 | Create | Villager (Male) |
| 27:08 | Build | Town Center |
| 27:10 | Create | Villager (Male) |
| 27:14 | Research | Gold Shaft Mining |
| 27:51 | Build | Castle |
Build order — Window_of_Opportunity
First 150 of 151 actions detected
| 1:27 | Build | Town Center |
| 3:17 | Create | Villager (Male) |
| 3:17 | Create | Villager (Male) |
| 3:17 | Create | Villager (Male) |
| 3:17 | Create | Villager (Male) |
| 3:33 | Build | Dock |
| 3:39 | Build | House |
| 3:44 | Research | Loom |
| 3:44 | Create | Villager (Male) |
| 3:44 | Create | Villager (Male) |
| 3:45 | Create | Villager (Male) |
| 4:41 | Create | Fishing Ship |
| 5:24 | Create | Fishing Ship |
| 5:43 | Build | House |
| 6:12 | Create | Villager (Male) |
| 6:37 | Create | Fishing Ship |
| 7:05 | Create | Villager (Male) |
| 7:26 | Create | Fishing Ship |
| 7:45 | Create | Villager (Male) |
| 8:12 | Create | Villager (Male) |
| 8:12 | Create | Villager (Male) |
| 8:12 | Create | Villager (Male) |
| 8:17 | Build | House |
| 8:44 | Build | House |
| 8:55 | Create | Fishing Ship |
| 9:15 | Create | Villager (Male) |
| 9:30 | Create | Fishing Ship |
| 9:32 | Create | Villager (Male) |
| 9:33 | Create | Villager (Male) |
| 9:41 | Build | House |
| 10:03 | Create | Fishing Ship |
| 10:34 | Create | Fishing Ship |
| 10:35 | Create | Villager (Male) |
| 11:05 | Create | Villager (Male) |
| 11:09 | Create | Fishing Ship |
| 11:10 | Create | Fishing Ship |
| 11:48 | Build | House |
| 12:10 | Create | Villager (Male) |
| 12:19 | Build | Mining Camp |
| 12:27 | Create | Villager (Male) |
| 12:53 | Research | Feudal Age |
| 13:29 | Build | Dock |
| 13:36 | Create | Villager (Male) |
| 13:55 | Build | House |
| 13:56 | Build | House |
| 13:56 | Build | House |
| 15:10 | Age | Feudal Age |
| 15:12 | Create | Unit 2626 |
| 15:21 | Build | Blacksmith |
| 15:21 | Create | Villager (Male) |
| 15:25 | Create | Unit 2626 |
| 15:35 | Create | Villager (Male) |
| 16:01 | Create | Galley |
| 16:01 | Create | Galley |
| 16:34 | Create | Galley |
| 16:34 | Create | Galley |
| 16:35 | Create | Villager (Male) |
| 16:36 | Create | Villager (Male) |
| 16:49 | Research | Fletching |
| 16:51 | Create | Galley |
| 16:51 | Create | Villager (Male) |
| 17:11 | Create | Galley |
| 17:18 | Research | Gold Mining |
| 17:35 | Create | Galley |
| 17:36 | Create | Villager (Male) |
| 17:53 | Create | Galley |
| 17:54 | Create | Villager (Male) |
| 18:20 | Build | Mill |
| 18:26 | Create | Galley |
| 18:31 | Create | Galley |
| 18:52 | Create | Galley |
| 19:08 | Create | Villager (Male) |
| 19:08 | Create | Villager (Male) |
| 19:45 | Create | Galley |
| 19:45 | Create | Galley |
| 19:45 | Create | Villager (Male) |
| 19:54 | Build | Market |
| 20:39 | Research | Castle Age |
| 20:50 | Create | Galley |
| 20:50 | Create | Galley |
| 21:44 | Create | Villager (Male) |
| 22:00 | Build | Barracks |
| 23:19 | Age | Castle Age |
| 23:26 | Build | Stable |
| 23:26 | Build | Stable |
| 23:31 | Research | Bodkin Arrow |
| 23:36 | Research | Scale Barding Armor |
| 23:41 | Build | Mill |
| 24:14 | Build | Mill |
| 24:24 | Research | Chain Barding Armor |
| 24:31 | Create | Knight |
| 24:48 | Create | Knight |
| 24:48 | Create | Villager (Male) |
| 25:16 | Build | Fish Trap |
| 25:17 | Build | Fish Trap |
| 25:25 | Create | Knight |
| 25:34 | Create | Villager (Male) |
| 25:35 | Create | Knight |
| 25:45 | Create | Knight |
| 25:55 | Create | Villager (Male) |
| 26:01 | Create | Knight |
| 26:42 | Create | Knight |
| 26:48 | Build | Mining Camp |
| 26:52 | Create | Villager (Male) |
| 26:57 | Create | Villager (Male) |
| 28:07 | Create | Knight |
| 28:07 | Create | Knight |
| 28:08 | Create | Villager (Male) |
| 28:08 | Create | Villager (Male) |
| 28:22 | Create | Villager (Male) |
| 28:23 | Create | Knight |
| 28:50 | Create | Villager (Male) |
| 28:57 | Research | Forging |
| 28:58 | Create | Knight |
| 29:03 | Create | Villager (Male) |
| 29:30 | Create | Knight |
| 29:31 | Create | Villager (Male) |
| 29:52 | Research | Iron Casting |
| 30:04 | Create | Knight |
| 30:38 | Build | Palisade Gate |
| 30:42 | Build | Palisade Gate |
| 30:49 | Build | Mill |
| 30:52 | Create | Knight |
| 30:55 | Build | Palisade Gate |
| 30:58 | Build | Palisade Wall |
| 31:19 | Build | Mill |
| 31:26 | Build | House |
| 31:30 | Create | Knight |
| 32:22 | Create | Knight |
| 32:23 | Create | Knight |
| 32:23 | Create | Knight |
| 32:23 | Create | Villager (Male) |
| 32:33 | Create | Villager (Male) |
| 32:52 | Build | House |
| 32:53 | Build | House |
| 33:00 | Build | Lumber Camp |
| 33:13 | Research | Town Watch |
| 33:42 | Create | Knight |
| 33:53 | Create | Knight |
| 33:53 | Create | Knight |
| 34:16 | Create | Knight |
| 34:16 | Create | Knight |
| 34:36 | Create | Knight |
| 34:42 | Build | House |
| 34:47 | Create | Knight |
| 34:53 | Research | Bloodlines |
| 35:01 | Create | Knight |
| 35:01 | Create | Knight |
| 35:02 | Create | Villager (Male) |
| 35:21 | Create | Knight |
Build order — MAND_Dã quỳ
First 150 of 186 actions detected
| 1:42 | Build | Dock |
| 2:34 | Build | Lumber Camp |
| 5:50 | Build | Town Center |
| 7:39 | Create | Villager (Male) |
| 7:39 | Create | Villager (Male) |
| 7:39 | Create | Villager (Male) |
| 7:40 | Create | Villager (Male) |
| 7:40 | Create | Villager (Male) |
| 7:40 | Create | Villager (Male) |
| 9:03 | Create | Villager (Male) |
| 9:03 | Create | Villager (Male) |
| 9:12 | Create | Fishing Ship |
| 9:12 | Create | Fishing Ship |
| 9:12 | Create | Fishing Ship |
| 9:41 | Create | Villager (Male) |
| 9:41 | Create | Villager (Male) |
| 10:13 | Create | Villager (Male) |
| 10:14 | Create | Villager (Male) |
| 10:23 | Create | Fishing Ship |
| 10:23 | Create | Fishing Ship |
| 10:45 | Research | Loom |
| 10:45 | Research | Loom |
| 10:56 | Create | Villager (Male) |
| 10:56 | Create | Villager (Male) |
| 11:11 | Create | Villager (Male) |
| 11:12 | Create | Villager (Male) |
| 11:27 | Create | Fishing Ship |
| 11:27 | Create | Fishing Ship |
| 11:27 | Create | Fishing Ship |
| 11:56 | Create | Villager (Male) |
| 11:57 | Create | Villager (Male) |
| 11:59 | Create | Villager (Male) |
| 11:59 | Create | Villager (Male) |
| 12:19 | Create | Fishing Ship |
| 12:19 | Create | Fishing Ship |
| 12:44 | Create | Villager (Male) |
| 12:44 | Create | Villager (Male) |
| 12:45 | Create | Villager (Male) |
| 12:45 | Create | Villager (Male) |
| 13:00 | Create | Villager (Male) |
| 13:00 | Create | Villager (Male) |
| 13:03 | Create | Fishing Ship |
| 13:04 | Create | Fishing Ship |
| 13:10 | Create | Villager (Male) |
| 13:10 | Create | Villager (Male) |
| 13:48 | Create | Villager (Male) |
| 13:48 | Create | Villager (Male) |
| 13:51 | Create | Fishing Ship |
| 13:53 | Create | Villager (Male) |
| 13:53 | Create | Villager (Male) |
| 14:04 | Create | Villager (Male) |
| 14:04 | Create | Villager (Male) |
| 14:05 | Create | Villager (Male) |
| 14:20 | Create | Villager (Male) |
| 14:20 | Create | Villager (Male) |
| 14:32 | Create | Villager (Male) |
| 14:32 | Create | Villager (Male) |
| 14:35 | Build | Mining Camp |
| 14:35 | Create | Villager (Male) |
| 14:36 | Create | Villager (Male) |
| 14:52 | Create | Villager (Male) |
| 14:52 | Create | Villager (Male) |
| 14:52 | Create | Villager (Male) |
| 15:08 | Create | Villager (Male) |
| 15:09 | Create | Villager (Male) |
| 15:14 | Create | Villager (Male) |
| 15:55 | Research | Feudal Age |
| 15:55 | Research | Feudal Age |
| 17:09 | Create | Villager (Male) |
| 17:51 | Create | Villager (Male) |
| 17:57 | Build | Barracks |
| 18:00 | Create | Villager (Male) |
| 18:05 | Age | Feudal Age |
| 18:09 | Build | Blacksmith |
| 18:12 | Create | Villager (Male) |
| 18:35 | Create | Villager (Male) |
| 18:58 | Build | Stable |
| 19:11 | Create | Villager (Male) |
| 19:49 | Build | Stable |
| 19:55 | Build | Palisade Wall |
| 19:57 | Build | Palisade Wall |
| 20:03 | Build | Palisade Wall |
| 20:07 | Build | Palisade Gate |
| 20:12 | Research | Castle Age |
| 20:13 | Research | Castle Age |
| 20:13 | Research | Castle Age |
| 20:55 | Research | Forging |
| 21:34 | Research | Gold Mining |
| 21:34 | Research | Gold Mining |
| 21:34 | Research | Gold Mining |
| 22:04 | Research | Scale Barding Armor |
| 22:04 | Research | Scale Barding Armor |
| 22:52 | Build | Palisade Wall |
| 22:52 | Age | Castle Age |
| 22:59 | Build | Palisade Wall |
| 23:01 | Create | Knight |
| 23:01 | Create | Knight |
| 23:01 | Create | Knight |
| 23:01 | Create | Knight |
| 23:02 | Create | Knight |
| 23:09 | Create | Knight |
| 23:09 | Create | Knight |
| 23:15 | Build | Palisade Wall |
| 23:27 | Build | Palisade Gate |
| 23:42 | Create | Knight ×2 |
| 23:48 | Create | Villager (Male) |
| 24:11 | Build | Palisade Wall |
| 24:17 | Create | Knight ×2 |
| 24:17 | Create | Knight ×2 |
| 24:22 | Create | Knight |
| 24:33 | Create | Knight |
| 24:33 | Create | Knight |
| 24:33 | Create | Knight |
| 24:41 | Create | Knight |
| 24:43 | Create | Villager (Male) |
| 24:43 | Create | Villager (Male) |
| 24:44 | Create | Villager (Male) |
| 25:35 | Research | Bloodlines |
| 25:35 | Research | Bloodlines |
| 25:50 | Build | Town Center |
| 25:54 | Create | Villager (Male) |
| 25:55 | Create | Villager (Male) |
| 26:32 | Create | Villager (Male) |
| 26:32 | Create | Villager (Male) |
| 26:33 | Create | Villager (Male) |
| 26:33 | Create | Villager (Male) |
| 26:52 | Build | Palisade Wall |
| 26:55 | Create | Villager (Male) |
| 26:56 | Create | Villager (Male) |
| 27:03 | Build | Mill |
| 27:10 | Build | Mill |
| 27:13 | Create | Villager (Male) |
| 28:34 | Research | Chain Barding Armor |
| 28:34 | Research | Chain Barding Armor |
| 28:35 | Create | Villager (Male) |
| 28:35 | Create | Villager (Male) |
| 28:57 | Build | Farm |
| 28:58 | Build | Farm |
| 29:00 | Create | Villager (Male) |
| 29:00 | Create | Villager (Male) |
| 29:21 | Build | Farm |
| 29:22 | Create | Villager (Male) |
| 29:22 | Create | Villager (Male) |
| 29:22 | Create | Villager (Male) |
| 29:37 | Build | Farm |
| 29:39 | Create | Villager (Male) |
| 29:39 | Create | Villager (Male) |
| 29:39 | Create | Villager (Male) |
| 29:40 | Create | Villager (Male) |
| 29:53 | Create | Villager (Male) |
Build order — _DAKLAK_
First 150 of 225 actions detected
| 1:59 | Build | Town Center |
| 3:28 | Build | House |
| 3:38 | Create | Villager (Male) |
| 3:38 | Create | Villager (Male) |
| 3:38 | Create | Villager (Male) |
| 3:39 | Create | Villager (Male) |
| 3:39 | Create | Villager (Male) |
| 4:04 | Build | Dock |
| 5:22 | Build | House |
| 5:25 | Create | Villager (Male) |
| 5:26 | Create | Villager (Male) |
| 5:26 | Create | Villager (Male) |
| 5:26 | Create | Villager (Male) |
| 6:01 | Research | Loom |
| 6:04 | Build | Mill |
| 6:24 | Create | Villager (Male) |
| 6:25 | Create | Villager (Male) |
| 6:25 | Create | Villager (Male) |
| 6:25 | Create | Villager (Male) |
| 6:25 | Create | Villager (Male) |
| 6:59 | Create | Villager (Male) |
| 6:59 | Create | Villager (Male) |
| 6:59 | Create | Villager (Male) |
| 6:59 | Create | Villager (Male) |
| 6:59 | Create | Villager (Male) |
| 7:25 | Create | Villager (Male) |
| 7:25 | Create | Villager (Male) |
| 7:25 | Create | Villager (Male) |
| 7:41 | Create | Villager (Male) |
| 7:41 | Create | Villager (Male) |
| 7:41 | Create | Villager (Male) |
| 8:08 | Create | Villager (Male) |
| 8:08 | Create | Villager (Male) |
| 8:08 | Create | Villager (Male) |
| 8:08 | Create | Villager (Male) |
| 8:16 | Build | House |
| 8:32 | Create | Fishing Ship |
| 8:36 | Create | Villager (Male) |
| 8:36 | Create | Villager (Male) |
| 9:02 | Create | Villager (Male) |
| 9:02 | Create | Villager (Male) |
| 9:03 | Create | Villager (Male) |
| 9:03 | Create | Villager (Male) |
| 9:03 | Create | Villager (Male) |
| 9:21 | Create | Villager (Male) |
| 9:21 | Create | Villager (Male) |
| 9:21 | Create | Villager (Male) |
| 9:28 | Build | House |
| 9:53 | Create | Villager (Male) |
| 9:53 | Create | Villager (Male) |
| 9:53 | Create | Villager (Male) |
| 10:01 | Create | Villager (Male) |
| 10:01 | Create | Villager (Male) |
| 10:01 | Create | Villager (Male) |
| 10:03 | Create | Fishing Ship |
| 10:22 | Create | Fishing Ship |
| 10:23 | Create | Villager (Male) |
| 10:23 | Create | Villager (Male) |
| 11:24 | Build | Lumber Camp |
| 11:48 | Build | House |
| 12:11 | Research | Feudal Age |
| 13:21 | Build | Barracks |
| 13:28 | Build | Palisade Wall |
| 13:30 | Build | Palisade Wall |
| 13:55 | Create | Villager (Male) |
| 14:21 | Age | Feudal Age |
| 14:23 | Create | Villager (Male) |
| 14:26 | Build | Stable |
| 15:00 | Create | Villager (Male) |
| 15:06 | Research | Double-Bit Axe |
| 15:09 | Create | Villager (Male) |
| 15:15 | Create | Scout Cavalry |
| 15:15 | Create | Scout Cavalry |
| 15:22 | Build | Mill |
| 15:33 | Create | Villager (Male) |
| 15:51 | Build | House |
| 16:03 | Create | Scout Cavalry |
| 16:24 | Create | Scout Cavalry |
| 16:40 | Create | Villager (Male) |
| 17:01 | Create | Villager (Male) |
| 17:17 | Create | Villager (Male) |
| 17:18 | Create | Villager (Male) |
| 17:25 | Build | Blacksmith |
| 17:37 | Build | House |
| 18:05 | Create | Villager (Male) |
| 18:23 | Create | Villager (Male) |
| 18:28 | Build | Market |
| 18:30 | Build | House |
| 19:12 | Research | Castle Age |
| 19:26 | Build | Stable |
| 19:38 | Research | Horse Collar |
| 19:54 | Create | Villager (Male) |
| 20:50 | Research | Scale Barding Armor |
| 20:54 | Create | Villager (Male) |
| 21:55 | Build | House |
| 22:04 | Create | Villager (Male) |
| 22:06 | Age | Castle Age |
| 22:08 | Create | Knight |
| 22:08 | Create | Knight |
| 22:08 | Create | Knight |
| 22:21 | Build | Town Center |
| 22:37 | Create | Knight |
| 22:38 | Create | Knight |
| 22:39 | Create | Villager (Male) |
| 22:39 | Create | Villager (Male) |
| 22:39 | Create | Villager (Male) |
| 22:42 | Research | Bow Saw |
| 22:44 | Research | Wheelbarrow |
| 22:53 | Build | Mill |
| 23:04 | Create | Knight |
| 23:05 | Create | Knight |
| 23:12 | Create | Villager (Male) |
| 23:19 | Build | Siege Workshop |
| 23:21 | Create | Knight |
| 23:21 | Create | Knight |
| 23:34 | Create | Villager (Male) |
| 24:05 | Create | Mangonel |
| 24:05 | Create | Mangonel |
| 24:21 | Build | House |
| 24:22 | Build | House |
| 24:23 | Create | Villager (Male) |
| 24:23 | Create | Villager (Male) |
| 24:29 | Create | Villager (Male) |
| 24:29 | Create | Villager (Male) |
| 24:31 | Create | Villager (Male) |
| 25:18 | Create | Mangonel |
| 25:41 | Create | Knight |
| 25:41 | Create | Knight |
| 25:47 | Build | House |
| 26:05 | Create | Mangonel |
| 26:13 | Create | Knight |
| 26:13 | Create | Knight |
| 26:17 | Build | Farm |
| 26:21 | Build | House |
| 26:25 | Build | Town Center |
| 26:30 | Create | Villager (Male) |
| 26:30 | Create | Villager (Male) |
| 27:04 | Create | Knight |
| 27:04 | Create | Knight |
| 27:05 | Create | Knight |
| 27:05 | Create | Knight |
| 27:31 | Build | House |
| 27:35 | Build | Farm |
| 27:36 | Build | Farm |
| 27:36 | Build | Farm |
| 27:37 | Build | Farm |
| 27:39 | Build | Farm |
| 27:39 | Build | Farm |
| 27:40 | Create | Villager (Male) |
| 27:56 | Build | Farm |
Build order — Bo Zhi Shang
First 150 of 179 actions detected
| 1:01 | Build | Town Center |
| 1:57 | Build | House |
| 2:37 | Create | Villager (Male) ×3 |
| 2:37 | Create | Villager (Male) ×3 |
| 2:37 | Create | Villager (Male) ×3 |
| 2:43 | Research | Loom |
| 2:43 | Research | Loom |
| 2:48 | Create | Villager (Male) ×3 |
| 2:48 | Create | Villager (Male) ×3 |
| 2:48 | Create | Villager (Male) ×3 |
| 3:00 | Build | Dock |
| 3:58 | Create | Fishing Ship |
| 3:58 | Create | Fishing Ship |
| 4:31 | Build | House |
| 4:35 | Create | Villager (Male) |
| 4:35 | Create | Villager (Male) |
| 4:35 | Create | Villager (Male) |
| 5:16 | Create | Villager (Male) |
| 5:17 | Create | Villager (Male) |
| 5:20 | Create | Fishing Ship |
| 5:21 | Create | Fishing Ship |
| 5:37 | Create | Villager (Male) |
| 5:38 | Create | Villager (Male) |
| 5:38 | Create | Villager (Male) |
| 5:59 | Create | Villager (Male) |
| 5:59 | Create | Villager (Male) |
| 6:00 | Create | Villager (Male) |
| 6:00 | Create | Villager (Male) |
| 6:23 | Build | House |
| 6:27 | Create | Villager (Male) |
| 6:27 | Create | Villager (Male) |
| 6:27 | Create | Villager (Male) |
| 6:27 | Create | Villager (Male) |
| 6:27 | Create | Villager (Male) |
| 6:27 | Create | Villager (Male) |
| 6:27 | Create | Villager (Male) |
| 6:43 | Create | Villager (Male) |
| 6:44 | Create | Villager (Male) |
| 6:47 | Create | Fishing Ship |
| 6:48 | Create | Fishing Ship |
| 6:48 | Create | Fishing Ship |
| 7:10 | Create | Fishing Ship |
| 7:11 | Create | Villager (Male) |
| 7:11 | Create | Villager (Male) |
| 7:15 | Create | Villager (Male) |
| 7:16 | Create | Villager (Male) |
| 7:23 | Build | House |
| 7:50 | Create | Fishing Ship |
| 7:50 | Create | Fishing Ship |
| 7:50 | Create | Fishing Ship |
| 7:51 | Create | Fishing Ship |
| 7:53 | Create | Villager (Male) |
| 7:54 | Create | Villager (Male) |
| 7:54 | Create | Villager (Male) |
| 8:08 | Create | Villager (Male) |
| 8:08 | Create | Villager (Male) |
| 8:08 | Create | Villager (Male) |
| 8:08 | Create | Villager (Male) |
| 8:30 | Create | Villager (Male) |
| 8:32 | Create | Villager (Male) |
| 8:32 | Create | Villager (Male) |
| 8:32 | Create | Villager (Male) |
| 8:33 | Create | Villager (Male) |
| 8:37 | Create | Fishing Ship |
| 8:40 | Build | House |
| 8:46 | Create | Villager (Male) |
| 8:46 | Create | Villager (Male) |
| 8:46 | Create | Villager (Male) |
| 8:52 | Create | Villager (Male) |
| 9:13 | Create | Villager (Male) |
| 9:34 | Create | Villager (Male) |
| 9:37 | Build | Mill |
| 9:49 | Create | Fishing Ship |
| 10:05 | Create | Villager (Male) |
| 10:08 | Build | House |
| 10:44 | Research | Feudal Age |
| 10:45 | Research | Feudal Age |
| 11:17 | Build | Dock |
| 11:25 | Create | Villager (Male) |
| 12:24 | Create | Villager (Male) |
| 12:54 | Age | Feudal Age |
| 12:56 | Create | Unit 2626 ×4 |
| 12:56 | Create | Unit 2626 ×4 |
| 12:56 | Create | Unit 2626 ×4 |
| 12:58 | Create | Villager (Male) |
| 13:03 | Build | Mining Camp |
| 13:39 | Build | Lumber Camp |
| 13:42 | Create | Villager (Male) |
| 13:51 | Build | House |
| 13:52 | Build | House |
| 14:02 | Create | Villager (Male) |
| 14:22 | Create | Unit 2626 |
| 14:35 | Create | Unit 2626 |
| 14:38 | Create | Villager (Male) |
| 14:39 | Create | Villager (Male) |
| 14:40 | Create | Villager (Male) |
| 15:18 | Build | Blacksmith |
| 15:32 | Create | Villager (Male) |
| 15:58 | Create | Villager (Male) |
| 16:33 | Create | Villager (Male) |
| 16:35 | Build | Market |
| 16:41 | Create | Unit 2626 |
| 16:41 | Create | Unit 2626 |
| 16:57 | Create | Villager (Male) |
| 17:32 | Research | Castle Age |
| 17:32 | Research | Castle Age |
| 17:33 | Research | Castle Age |
| 17:39 | Create | Unit 2626 |
| 17:40 | Create | Unit 2626 |
| 17:58 | Create | Villager (Male) |
| 18:04 | Build | Mining Camp |
| 18:10 | Research | Double-Bit Axe |
| 18:10 | Research | Double-Bit Axe |
| 18:10 | Research | Double-Bit Axe |
| 18:11 | Research | Double-Bit Axe |
| 18:17 | Research | Stone Mining |
| 18:25 | Create | Villager (Male) |
| 19:23 | Build | Palisade Wall |
| 19:26 | Build | Palisade Wall |
| 19:30 | Build | Palisade Wall |
| 19:33 | Build | House |
| 19:38 | Create | Villager (Male) |
| 19:38 | Create | Villager (Male) |
| 19:51 | Create | Villager (Male) |
| 19:51 | Create | Villager (Male) |
| 20:02 | Create | Villager (Male) |
| 20:04 | Create | Villager (Male) |
| 20:12 | Age | Castle Age |
| 20:33 | Build | Town Center |
| 20:49 | Create | Villager (Male) |
| 21:06 | Research | War Galley (upgrade) |
| 21:12 | Create | Fire Galley ×2 |
| 21:12 | Create | Fire Galley ×2 |
| 21:17 | Create | Villager (Male) |
| 21:17 | Create | Villager (Male) |
| 21:24 | Create | Villager (Male) |
| 21:31 | Create | Villager (Male) |
| 21:31 | Create | Villager (Male) |
| 21:59 | Create | Villager (Male) |
| 22:05 | Create | Villager (Male) |
| 22:18 | Create | Villager (Male) |
| 22:22 | Build | Palisade Wall |
| 22:24 | Build | Palisade Wall |
| 22:40 | Create | Villager (Male) |
| 22:51 | Create | Fire Galley ×3 |
| 22:51 | Create | Fire Galley ×3 |
| 22:52 | Create | Villager (Male) |
| 22:53 | Create | Villager (Male) |
| 22:54 | Create | Villager (Male) |
| 23:32 | Create | Fire Galley ×2 |
Match timeline
| 0:06 | [FORD]DarkHorse · first_building Dock |
| 1:42 | MAND_Dã quỳ · first_building Dock |
| 1:54 | raffaele_520 · first_building Dock |
| 1:59 | AJC · first_building Dock |
| 2:56 | milopokerboy · first_building Dock |
| 3:00 | Bo Zhi Shang · first_building Dock |
| 3:33 | Window_of_Opportunity · first_building Dock |
| 4:04 | _DAKLAK_ · first_building Dock |
| 11:44 | AJC · first_building Barracks |
| 12:54 | Bo Zhi Shang · age_up feudal |
| 13:07 | raffaele_520 · wall_segment Palisade Wall x1 |
| 13:09 | raffaele_520 · wall_segment Palisade Wall x1 |
| 13:12 | raffaele_520 · wall_segment Palisade Wall x1 |
| 13:21 | _DAKLAK_ · first_building Barracks |
| 13:25 | AJC · age_up feudal |
| 13:28 | _DAKLAK_ · wall_segment Palisade Wall x6 |
| 13:30 | _DAKLAK_ · wall_segment Palisade Wall x3 |
| 13:34 | AJC · first_building Archery Range |
| 13:43 | [FORD]DarkHorse · age_up feudal |
| 13:50 | raffaele_520 · age_up feudal |
| 14:02 | milopokerboy · age_up feudal |
| 14:21 | _DAKLAK_ · age_up feudal |
| 14:26 | _DAKLAK_ · first_building Stable |
| 15:10 | Window_of_Opportunity · age_up feudal |
| 17:20 | AJC · age_up castle |
| 17:57 | MAND_Dã quỳ · first_building Barracks |
| 18:05 | MAND_Dã quỳ · age_up feudal |
| 18:58 | MAND_Dã quỳ · first_building Stable |
| 19:23 | Bo Zhi Shang · wall_segment Palisade Wall x5 |
| 19:26 | Bo Zhi Shang · wall_segment Palisade Wall x2 |
| 19:30 | Bo Zhi Shang · wall_segment Palisade Wall x1 |
| 19:55 | MAND_Dã quỳ · wall_segment Palisade Wall x1 |
| 19:57 | MAND_Dã quỳ · wall_segment Palisade Wall x1 |
| 20:03 | MAND_Dã quỳ · wall_segment Palisade Wall x8 |
| 20:12 | Bo Zhi Shang · age_up castle |
| 20:33 | Window_of_Opportunity · first_market_sell 100 stone |
| 20:35 | Window_of_Opportunity · first_market_buy 100 food |
| 21:59 | [FORD]DarkHorse · age_up castle |
| 22:00 | Window_of_Opportunity · first_building Barracks |
| 22:06 | _DAKLAK_ · age_up castle |
| 22:22 | Bo Zhi Shang · wall_segment Palisade Wall x1 |
| 22:24 | Bo Zhi Shang · wall_segment Palisade Wall x1 |
| 22:52 | MAND_Dã quỳ · wall_segment Palisade Wall x8 |
| 22:52 | MAND_Dã quỳ · age_up castle |
| 22:58 | raffaele_520 · age_up castle |
| 22:59 | MAND_Dã quỳ · wall_segment Palisade Wall x13 |
| 23:15 | MAND_Dã quỳ · wall_segment Palisade Wall x9 |
| 23:19 | Window_of_Opportunity · age_up castle |
| 23:19 | _DAKLAK_ · first_building Siege Workshop |
| 23:26 | Window_of_Opportunity · first_building Stable |
| 24:02 | milopokerboy · first_building Barracks |
| 24:11 | MAND_Dã quỳ · wall_segment Palisade Wall x3 |
| 24:38 | [FORD]DarkHorse · first_market_sell 100 food |
| 24:40 | [FORD]DarkHorse · first_market_buy 100 stone |
| 24:43 | [FORD]DarkHorse · first_building Castle |
| 24:55 | milopokerboy · first_building Stable |
| 25:20 | Bo Zhi Shang · first_building Barracks |
| 25:46 | milopokerboy · age_up castle |
| 25:56 | AJC · first_market_buy 100 food |
| 26:27 | Bo Zhi Shang · first_market_buy 100 wood |
| 26:52 | MAND_Dã quỳ · wall_segment Palisade Wall x11 |
| 27:24 | Bo Zhi Shang · resign |
| 27:41 | raffaele_520 · first_market_buy 100 stone |
| 27:51 | raffaele_520 · first_building Castle |
| 28:34 | _DAKLAK_ · first_market_buy 100 food |
| 30:58 | Window_of_Opportunity · wall_segment Palisade Wall x1 |
| 31:47 | [FORD]DarkHorse · first_building Siege Workshop |
| 33:49 | _DAKLAK_ · first_building Monastery |
[ AI ANALYSIS · 1 CREDIT ]
What really happened in this match?
Wolo.gg analyzes every decision: build order, eco, micro, common mistakes by bracket. Personalized analysis on WhatsApp or Discord in 30 seconds.
Civ guide
Italians
Perfil
[FORD]DarkHorse